Map: Ruby Rock LE

Players

HoldTheDoor - Winner!

  • Race: Protoss Protoss
  • League: Diamond
  • Spawn Location: 5:00

PressQ

  • Race: Protoss Protoss
  • League: Platinum
  • Spawn Location: 11:00

VOD

Have the link to the VOD?

Description

Time

  • Played on: May 7, 2026, 11:28 a.m.
  • Length: 5:17
Show
View Real Time Build Order
Export as new Build Order

HoldTheDoor Protoss - Winner!

Build Orders:  

Get SALT Encoding   

  12  0:01  Probe  
  13  0:13  Probe  
  14  0:17  Pylon  
  14  0:24  Probe  
  15  0:32  Probe  
  15  0:39  Gateway  
  15  0:40  Probe  
  17  0:52  Assimilator  
  17  0:58  Assimilator  
  17  1:01  Probe  
  18  1:04  Assimilator  
  18  1:11  Pylon  
  18  1:14  Probe  
  19  1:28  Cybernetics Core  
  19  1:34  Probe  
  20  1:44  Pylon  
  20  1:46  Probe  
  21  1:51  Gateway  
  21  1:58  Probe  
  22  2:02  Stalker  
  24  2:10  Warp Gate  
  24  2:11  Probe  
  24  2:13  Shield Battery  
  25  2:20  Pylon  
  25  2:23  Probe  
  26  2:35  Sentry  
  28  2:37  Probe  
  28  2:44  Robotics Facility  
  29  2:57  Gateway, Probe  
  30  3:04  Stalker, Sentry  
  34  3:23  Pylon  
  34  3:25  Probe  
  35  3:30  Gateway  
  35  3:33  Immortal  
  35  3:37  Probe  
  40  3:59  Stalker x2  
  44  4:06  Stalker  
  46  4:14  Pylon  
  44  4:52  Stalker  
  44  4:53  Stalker  
  44  4:54  Stalker x2  
Show
View Real Time Build Order
Export as new Build Order

PressQ Protoss 

Build Orders: 1 Gate Expand 

Get SALT Encoding   

  12  0:00  Probe  
  13  0:12  Probe  
  14  0:18  Pylon  
  14  0:25  Probe  
  15  0:35  Probe  
  15  0:36  Gateway  
  16  0:43  Probe  
  16  0:47  Assimilator  
  17  0:53  Probe  
  18  1:13  Probe  
  19  1:25  Probe  
  20  1:33  Nexus  
  20  1:48  Cybernetics Core  
  20  1:56  Probe  
  21  2:03  Pylon  
  21  2:09  Pylon  
  21  2:10  Probe  
  22  2:22  Probe, Stalker  
  23  2:25  Warp Gate  
  25  2:34  Probe  
  25  2:36  Assimilator  
  26  2:40  Robotics Facility  
  26  2:43  Probe  
  27  2:51  Probe  
  27  2:52  Stalker  
  30  3:06  Probe x2  
  30  3:08  Assimilator  
  32  3:18  Immortal, Probe x2  
  34  3:32  Probe x2  
  40  3:37  Stalker  
  42  3:44  Probe  
  42  3:45  Probe  
  42  3:48  Immortal  
  48  4:11  Probe  
  49  4:19  Stalker  
  49  4:22  Probe  
  52  4:25  Probe  
  40  4:54  Probe  
Tags
 
Matchup
PvP
Replay Pack
SC2Mai2026
Spawn Locations
Cross Positions
Add a new tag
Caveats
  • Supply blocks, unpowered buildings, or Contaminate may cause inaccurate times.
  • Supply counts are checked every 10 seconds.